PIO (24 & UNDER)
SASKATOON SMOKIN' GUNS @ COLORADO COMMANDERS
09/26/2027
 
TOP OF THE 1ST
Saskatoon Smokin' Guns batting - Pitching for Colorado Commanders : RHP Ted Stuart
Pitching: RHP Ted Stuart
Batting: LHB Rubén Salazar 0-0: Fly out, F7 (Flyball, 7LSF)
Batting: RHB Brendon Little 0-0: Ball
1-0: Called Strike
1-1: Called Strike
1-2: Ball
2-2: Ground out 1-3 (Groundball, 13S)
Batting: LHB Alejandro Rojas 0-0: Called Strike
0-1: Swinging Strike
0-2: Strikes out looking
Top of the 1st over - 0 run(s), 0 hit(s), 0 error(s), 0 left on base; Saskatoon 0 - Colorado 0
BOTTOM OF THE 1ST
Colorado Commanders batting - Pitching for Saskatoon Smokin' Guns : RHP Denny Koch
Pitching: RHP Denny Koch
Batting: RHB Tony Barton 0-0: Called Strike
0-1: Fly out, F9 (Flyball, 9S)
Batting: RHB Roberto Rodríguez 0-0: Called Strike
0-1: Foul Ball, location: 2F
0-2: Strikes out swinging
Batting: RHB Alberto Soto 0-0: Ball
1-0: Ball
2-0: Ball
3-0: Base on Balls
Batting: RHB Kyle Vélez 0-0: Called Strike
0-1: Ball
1-1: Ball
2-1: Called Strike
2-2: Fly out, F4 (Line Drive, 4M)
Bottom of the 1st over - 0 run(s), 0 hit(s), 0 error(s), 1 left on base; Saskatoon 0 - Colorado 0
TOP OF THE 2ND
Saskatoon Smokin' Guns batting - Pitching for Colorado Commanders : RHP Ted Stuart
Batting: RHB César Rodríguez 0-0: Ball
1-0: Ball
2-0: Ball
3-0: Base on Balls
Batting: LHB Bo Rush 0-0: Ball
1-0: Ball
2-0: Ball
3-0: Called Strike
3-1: Swinging Strike
3-2: Fly out, F7 (Flyball, 7)
Batting: RHB Travis Colbert 0-0: SINGLE (Line Drive, 34)
César Rodríguez to second
Batting: LHB Edgar López 0-0: Swinging Strike
0-1: Called Strike
0-2: Strikes out looking
Batting: RHB Johnny Hawson 0-0: Swinging Strike
0-1: Swinging Strike
0-2: Ball
1-2: Ball
2-2: Ball
3-2: Strikes out swinging
Top of the 2nd over - 0 run(s), 1 hit(s), 0 error(s), 2 left on base; Saskatoon 0 - Colorado 0
BOTTOM OF THE 2ND
Colorado Commanders batting - Pitching for Saskatoon Smokin' Guns : RHP Denny Koch
Batting: RHB Todd Oliver 0-0: Called Strike
0-1: Ball
1-1: Swinging Strike
1-2: Strikes out swinging
Batting: RHB Nick Vogel 0-0: Ball
1-0: Ball
2-0: Ball
3-0: Base on Balls
Batting: RHB Pete Davis 0-0: Ball
1-0: Foul Ball, location: 2F
1-1: Ball
2-1: Swinging Strike
2-2: Ball
Nick Vogel is caught stealing 2nd base
3-2: Base on Balls
Batting: RHB Nick Crosby 0-0: Swinging Strike
0-1: Swinging Strike
0-2: Ball
1-2: Ball
Pete Davis steals 2nd base
2-2: Foul Ball, location: 2F
2-2: Foul Ball, location: 2F
2-2: SINGLE (Groundball, 6MD)
Pete Davis to third
Runner from 3rd tries for Home, SAFE, no throw
Batting: RHB Eliot James 0-0: Ball
Throwing error on steal attempt, E2
Nick Crosby to third
1-0: Swinging Strike
1-1: Swinging Strike
1-2: Reached on error, E4 (Groundball, 4)
Nick Crosby scores
Batting: RHB Tony Barton 0-0: Ground out 1-3 (Groundball, 13S)
Bottom of the 2nd over - 2 run(s), 1 hit(s), 2 error(s), 1 left on base; Saskatoon 0 - Colorado 2
TOP OF THE 3RD
Saskatoon Smokin' Guns batting - Pitching for Colorado Commanders : RHP Ted Stuart
Batting: RHB Artie Turner 0-0: Ball
1-0: Ball
2-0: Foul Ball, location: 2F
2-1: Swinging Strike
2-2: SINGLE (Flyball, 7LM)
Batting: LHB Rubén Salazar 0-0: Ball
1-0: Foul Ball, location: 2F
1-1: Foul Ball, location: 2F
1-2: Foul Ball, location: 2F
1-2: Ball
2-2: Ball
3-2: SINGLE (Line Drive, 4MD)
Artie Turner to second
Batting: RHB Brendon Little 0-0: Called Strike
0-1: Fly out, F9 (Flyball, 9LS)
Batting: LHB Alejandro Rojas 0-0: Grounds into double play, 4-6-3 (Groundball, 4)
Top of the 3rd over - 0 run(s), 2 hit(s), 0 error(s), 1 left on base; Saskatoon 0 - Colorado 2
BOTTOM OF THE 3RD
Colorado Commanders batting - Pitching for Saskatoon Smokin' Guns : RHP Denny Koch
Batting: RHB Roberto Rodríguez 0-0: Called Strike
0-1: Called Strike
0-2: Foul Ball, location: 2F
0-2: Foul Ball, location: 2F
0-2: Ball
1-2: Ball
2-2: Foul Ball, location: 2F
2-2: Strikes out looking
Batting: RHB Alberto Soto 0-0: Ground out 5-3 (Groundball, 56)
Batting: RHB Kyle Vélez 0-0: Ball
1-0: Called Strike
1-1: SINGLE (Line Drive, 8RS)
Batting: RHB Todd Oliver 0-0: Ball
1-0: Called Strike
1-1: Called Strike
1-2: Ground out 6-3 (Groundball, 6M)
Bottom of the 3rd over - 0 run(s), 1 hit(s), 0 error(s), 1 left on base; Saskatoon 0 - Colorado 2
TOP OF THE 4TH
Saskatoon Smokin' Guns batting - Pitching for Colorado Commanders : RHP Ted Stuart
Batting: RHB César Rodríguez 0-0: Called Strike
0-1: Called Strike
0-2: Foul Ball, location: 2F
0-2: Fly out, F7 (Line Drive, 78M)
Batting: LHB Bo Rush 0-0: Ball
1-0: Ball
2-0: Ball
3-0: Called Strike
3-1: Swinging Strike
3-2: Foul Ball, location: 2F
3-2: Base on Balls
Batting: RHB Travis Colbert 0-0: Called Strike
0-1: Ball
1-1: Ball
2-1: Fielders Choice at 2nd, 5-4 (Groundball, 56)
Batting: LHB Edgar López 0-0: Ball
Travis Colbert steals 2nd base
1-0: Ground out 3-1 (Groundball, 34)
Top of the 4th over - 0 run(s), 0 hit(s), 0 error(s), 1 left on base; Saskatoon 0 - Colorado 2
BOTTOM OF THE 4TH
Colorado Commanders batting - Pitching for Saskatoon Smokin' Guns : RHP Denny Koch
Batting: RHB Nick Vogel 0-0: Ball
1-0: Swinging Strike
1-1: Ball
2-1: Foul Ball, location: 2F
2-2: Strikes out swinging
Batting: RHB Pete Davis 0-0: Ball
1-0: SINGLE (Groundball, 4MD)
Batting: RHB Nick Crosby 0-0: Fly out, F8 (Flyball, 8LD)
Batting: RHB Eliot James 0-0: Ball
1-0: Ball
2-0: Fielders Choice at 2nd, 6-4 (Groundball, 6)
Bottom of the 4th over - 0 run(s), 1 hit(s), 0 error(s), 0 left on base; Saskatoon 0 - Colorado 2
TOP OF THE 5TH
Saskatoon Smokin' Guns batting - Pitching for Colorado Commanders : RHP Ted Stuart
Batting: RHB Johnny Hawson 0-0: Ground out 6-3 (Groundball, 6)
Batting: RHB Artie Turner 0-0: SOLO HOME RUN (Flyball, 7D), Distance : 342 ft
Batting: LHB Rubén Salazar 0-0: Swinging Strike
0-1: Foul Ball, location: 2F
0-2: Foul Ball, location: 2F
0-2: Foul Ball, location: 2F
0-2: Foul Ball, location: 2F
0-2: Foul Ball, location: 2F
0-2: Ball
1-2: Fly out, F3 (Popup, 34)
Batting: RHB Brendon Little 0-0: Foul Ball, location: 2F
0-1: Foul Ball, location: 2F
0-2: Ball
1-2: Strikes out swinging
Top of the 5th over - 1 run(s), 1 hit(s), 0 error(s), 0 left on base; Saskatoon 1 - Colorado 2
BOTTOM OF THE 5TH
Colorado Commanders batting - Pitching for Saskatoon Smokin' Guns : RHP Denny Koch
Batting: RHB Tony Barton 0-0: Ball
1-0: DOUBLE (Line Drive, 89D)
Pinch Runner at 2nd Alfonso Flores:
Batting: RHB Roberto Rodríguez 0-0: Swinging Strike
0-1: Called Strike
0-2: Ball
1-2: Ground out 3-1 (Groundball, 34S)
Alfonso Flores to third
Batting: RHB Alberto Soto 0-0: Ball
1-0: Foul Ball, location: 2F
1-1: Swinging Strike
1-2: Strikes out swinging
Batting: RHB Kyle Vélez 0-0: Called Strike
0-1: Called Strike
0-2: Strikes out swinging
Bottom of the 5th over - 0 run(s), 1 hit(s), 0 error(s), 1 left on base; Saskatoon 1 - Colorado 2
TOP OF THE 6TH
Saskatoon Smokin' Guns batting - Pitching for Colorado Commanders : RHP Ted Stuart
Now at SS: Alfonso Flores
Batting: LHB Alejandro Rojas 0-0: Called Strike
0-1: Ball
1-1: Foul Ball, location: 2F
1-2: Ball
2-2: Foul Ball, location: 2F
2-2: Ground out 4-3 (Groundball, 4)
Batting: RHB César Rodríguez 0-0: Ball
1-0: Ground out 4-3 (Groundball, 4)
Batting: LHB Bo Rush 0-0: Ball
1-0: Foul Ball, location: 2F
1-1: Swinging Strike
1-2: Ball
2-2: Fly out, F8 (Flyball, 89M)
Top of the 6th over - 0 run(s), 0 hit(s), 0 error(s), 0 left on base; Saskatoon 1 - Colorado 2
BOTTOM OF THE 6TH
Colorado Commanders batting - Pitching for Saskatoon Smokin' Guns : RHP Denny Koch
Batting: RHB Todd Oliver 0-0: SINGLE (Groundball, 4MD)
Batting: RHB Nick Vogel 0-0: Called Strike
0-1: Called Strike
Todd Oliver steals 2nd base
0-2: Ball
1-2: Ball
2-2: Ball
3-2: Base on Balls
Pitching: RHP Daniel De Jesús
Batting: RHB Pete Davis 0-0: Called Strike
0-1: Foul Ball, location: 2F
0-2: Foul Ball, location: 2F
0-2: Ball
1-2: Ball
2-2: Foul Ball, location: 2F
2-2: Foul Ball, location: 2F
2-2: Ball
3-2: Foul Ball, location: 2F
3-2: Foul Ball, location: 2F
3-2: Strikes out swinging
Batting: RHB Nick Crosby 0-0: Ball
1-0: Ball
2-0: Ball
3-0: Base on Balls
Todd Oliver to third
Nick Vogel to second
Batting: RHB Eliot James 0-0: Ball
1-0: Foul Ball, location: 2F
1-1: Foul Ball, location: 2F
1-2: Foul Ball, location: 2F
1-2: Foul Ball, location: 2F
1-2: Foul Ball, location: 2F
1-2: Ball
2-2: Strikes out looking
Batting: RHB Alfonso Flores 0-0: Swinging Strike
0-1: Ball
1-1: Swinging Strike
1-2: Foul Ball, location: 2F
1-2: Strikes out looking
Bottom of the 6th over - 0 run(s), 1 hit(s), 0 error(s), 3 left on base; Saskatoon 1 - Colorado 2
TOP OF THE 7TH
Saskatoon Smokin' Guns batting - Pitching for Colorado Commanders : RHP Ted Stuart
Pitching: LHP Pedro Beltrán
Batting: RHB Travis Colbert 0-0: Called Strike
0-1: Fly out, F7 (Flyball, 78M)
Batting: LHB Edgar López 0-0: Ball
1-0: Fly out, F8 (Flyball, 78D)
Batting: RHB Johnny Hawson 0-0: Ball
1-0: Fly out, F3 (Flyball, 3D)
Top of the 7th over - 0 run(s), 0 hit(s), 0 error(s), 0 left on base; Saskatoon 1 - Colorado 2
BOTTOM OF THE 7TH
Colorado Commanders batting - Pitching for Saskatoon Smokin' Guns : RHP Daniel De Jesús
Batting: RHB Roberto Rodríguez 0-0: Ball
1-0: Called Strike
1-1: Ball
2-1: Foul Ball, location: 2F
2-2: Strikes out swinging
Batting: RHB Alberto Soto 0-0: Called Strike
0-1: Ball
1-1: Ball
2-1: Called Strike
2-2: Strikes out looking
Batting: RHB Kyle Vélez 0-0: Ball
1-0: Foul Ball, location: 2F
1-1: Ball
2-1: Swinging Strike
2-2: Strikes out swinging
Bottom of the 7th over - 0 run(s), 0 hit(s), 0 error(s), 0 left on base; Saskatoon 1 - Colorado 2
TOP OF THE 8TH
Saskatoon Smokin' Guns batting - Pitching for Colorado Commanders : LHP Pedro Beltrán
Pitching: RHP Tomás Marte
Now in LF: Rafael López
Batting: RHB Artie Turner 0-0: Called Strike
0-1: Called Strike
0-2: Strikes out swinging
Pitching: LHP Homer Bryan
Batting: LHB Rubén Salazar 0-0: Ball
1-0: Ground out 6-3 (Groundball, 6)
Pitching: RHP Joe King
Batting: RHB Brendon Little 0-0: TRIPLE (Flyball, 9D)
Pitching: LHP Manuel Reyes
Pinch Hitting: RHB Pedro Cabrera 0-0: Ball
1-0: Foul Ball, location: 2F
1-1: Foul Ball, location: 2F
1-2: Strikes out swinging
Top of the 8th over - 0 run(s), 1 hit(s), 0 error(s), 1 left on base; Saskatoon 1 - Colorado 2
BOTTOM OF THE 8TH
Colorado Commanders batting - Pitching for Saskatoon Smokin' Guns : RHP Daniel De Jesús
Now in RF: Pedro Cabrera
Batting: RHB Todd Oliver 0-0: Ball
1-0: Foul Ball, location: 2F
1-1: SINGLE (Groundball, 25) (infield hit)
Batting: RHB Nick Vogel 0-0: Foul Ball, location: 2F
0-1: Fly out, F8 (Flyball, 8RM)
Batting: RHB Pete Davis 0-0: Ball
1-0: Grounds into double play, 6-4-3 (Groundball, 6)
Bottom of the 8th over - 0 run(s), 1 hit(s), 0 error(s), 0 left on base; Saskatoon 1 - Colorado 2
TOP OF THE 9TH
Saskatoon Smokin' Guns batting - Pitching for Colorado Commanders : LHP Manuel Reyes
Pitching: RHP Sixto García
Batting: RHB César Rodríguez 0-0: Called Strike
0-1: Ball
1-1: SINGLE (Groundball, 56D)
Batting: LHB Bo Rush 0-0: Foul Ball, location: 2F
0-1: Ball
1-1: Ball
2-1: Ground out U3 (Groundball, 34S)
César Rodríguez to second
Batting: RHB Travis Colbert 0-0: Called Strike
0-1: Swinging Strike
0-2: Strikes out swinging
Pinch Hitting: RHB Julián García 0-0: Ball
1-0: Called Strike
1-1: Ball
2-1: Foul Ball, location: 2F
2-2: Foul Ball, location: 2F
2-2: Strikes out looking
Top of the 9th over - 0 run(s), 1 hit(s), 0 error(s), 1 left on base; Saskatoon 1 - Colorado 2
Thursday, March 30th, 2017 - OOTP Baseball 17.12 Build 75